 Dungeon Crawl Stone Soup version 0.27.1 (webtiles) character file.

Game seed: 1544416831830725046

221 Malachi the Chopper (level 5, 0/46 HPs)
             Began as a Hill Orc Fighter on Sept 1, 2021.
             Slain by a black bear (4 damage)
             ... on level 4 of the Dungeon.
             The game lasted 00:06:08 (3238 turns).

Malachi the Chopper (Hill Orc Fighter)              Turns: 3238, Time: 00:06:09

Health: 0/46       AC:  7    Str: 26    XL:     5   Next: 98%
Magic:  5/5        EV:  8    Int: 10    God:
Gold:   183        SH: 10    Dex: 10    Spells: 4/4 levels left

rFire    . . .     SeeInvis +   a - +0 war axe
rCold    . . .     Faith    .   c - +0 kite shield
rNeg     . . .     Spirit   .   b - +0 scale mail
rPois    .         Reflect  .   (no helmet)
rElec    +         Harm     .   (no cloak)
rCorr    .         Rampage  .   (no gloves)
Will     .....                  (no boots)
Stlth    ..........             (no amulet)
HPRegen  0.15/turn              e - +6 ring of strength
MPRegen  0.09/turn              q - ring of see invisible

@: mighty
A: clever 1, electricity resistance, wild magic 1
a: no special abilities


You were on level 4 of the Dungeon.
You visited 1 branch of the dungeon, and saw 4 of its levels.

You collected 183 gold pieces.

Inventory:

Hand Weapons
 a - a +0 war axe (weapon)
 f - the +4 mace "Imp's Funeral" {vorpal, rF+}
   (You found it on level 4 of the Dungeon)

   It inflicts extra damage upon your enemies.
   rF:        It protects you from fire.
Armour
 b - a +0 scale mail (worn)
 c - a +0 kite shield (worn)
Jewellery
 e - a +6 ring of strength (left hand)
 o - an amulet of magic regeneration
 q - a ring of see invisible (right hand)
Scrolls
 j - 2 scrolls of teleportation {unknown}
 m - 4 scrolls of magic mapping {unknown}
 n - a scroll of fog {unknown}
 r - 2 scrolls of fear {unknown}
Potions
 g - a potion of brilliance
 i - a potion of berserk rage {unknown}
 l - a potion of curing {unknown}
 p - a potion of haste {unknown}


   Skills:
 + Level 4.1 Fighting
 * Level 6.1 Axes
 + Level 3.9 Armour
 + Level 1.0 Dodging
 + Level 4.0 Shields


You had 4 spell levels left.
You didn't know any spells.
Your spell library contained the following spells:

 Spells                   Type           Power      Damage    Failure   Level
 Malign Gateway           Summ/Tloc      0%         N/A       100%        7
 Summon Horrible Things   Summ           0%         N/A       100%        8


Dungeon Overview and Level Annotations

Branches:
Dungeon (4/15)
 Temple: D:4-7

Altars:
Gozag
Makhleb

Shops:
D:3 *


Innate Abilities, Weirdness & Mutations

Your mind is acute. (Int +2)
You are resistant to electric shocks. (rElec)
Your spells are a little harder to cast, but a little more powerful.


Message History

You barely miss the black bear. You block the black bear's attack. x2
The black bear claws you but does no damage.
You barely miss the black bear. The black bear completely misses you.
The black bear claws you but does no damage.
You block the black bear's attack. x2; The black bear claws you.
The black bear claws you but does no damage.
You hit the black bear.
The black bear is lightly wounded.
The black bear bites you.
The black bear claws you but does no damage.
You block the black bear's attack.
You slash the black bear!
The black bear is severely wounded.
The black bear goes berserk!
The black bear bites you! The black bear barely misses you.
The black bear claws you but does no damage.
You barely miss the black bear.
The black bear is severely wounded.
The black bear closely misses you. You block the black bear's attack.
The black bear claws you. The black bear bites you.
The black bear claws you but does no damage. x2
You barely miss the black bear.
The black bear is severely wounded.
The black bear bites you! You block the black bear's attack. x2
The black bear bites you but does no damage.
The black bear barely misses you. x2
You barely miss the black bear.
The black bear is severely wounded.
You block the black bear's attack.
The black bear claws you but does no damage.
The black bear claws you.
* * * LOW HITPOINT WARNING * * *
The black bear bites you.
* * * LOW HITPOINT WARNING * * *
The black bear closely misses you. The black bear completely misses you.
You feel very mighty all of a sudden. You block the black bear's attack.
The black bear claws you.
* * * LOW HITPOINT WARNING * * *
The black bear claws you.
You die...

....... ###### .......
##....####### .##....
#.....##....###+###...#
#.....+.........##...# ..
#.....#.>.......##...# ...
#....##..........#...#
...##....##..........#...'
.........@hZ.........#...#
.........##....##..#######
.........########..###...#
...##.....#.........#.....
###### #....##.........#.....
#)....##....##.....$...#.....
#...........#..........#.....
#...........#..........#.....
#...........#.........#######


You could see a black bear (berserk) and a centaur skeleton.

Vanquished Creatures
  A water moccasin skeleton (D:4)
  An iguana (D:4)
  An orc wizard (D:4)
  A hound skeleton (D:4)
  4 adders
  A worm (D:2)
  A dart slug (D:3)
  2 orcs (D:3)
  4 ball pythons
  6 endoplasms
  2 giant cockroaches
  7 goblins
  7 hobgoblins
  4 jackals (D:1)
  5 kobolds
  8 quokkas
  5 bats
  2 frilled lizards (D:1)
  6 rats
68 creatures vanquished.

Notes
Turn   | Place    | Note
-------+----------+-------------------------------------------
     0 | D:1      | Malachi the Hill Orc Fighter began the quest for the Orb.
     0 | D:1      | Reached XP level 1. HP: 19/19 MP: 1/1
    61 | D:1      | Reached XP level 2. HP: 23/27 MP: 2/2
   188 | D:1      | Reached skill level 3 in Axes
   214 | D:1      | Found a faded altar of an unknown god.
   663 | D:1      | Reached XP level 3. HP: 25/33 MP: 3/3
  1194 | D:2      | Reached skill level 4 in Axes
  1728 | D:3      | Found a burning altar of Makhleb.
  1767 | D:3      | Reached XP level 4. HP: 40/40 MP: 4/4
  1845 | D:3      | Found Gozag's Platinum Reserve.
  1847 | D:3      | Found an opulent altar of Gozag.
  2412 | D:3      | You fall into a shaft and drop 1 floor!
  2573 | D:3      | Gained mutation: You are dopey. (Int -2) [potion of
                  | mutation]
  2573 | D:3      | Gained mutation: Your spells are a little harder to cast,
                  | but a little more powerful. [potion of mutation]
  2574 | D:3      | Lost mutation: You are dopey. (Int -2) [potion of mutation]
  2574 | D:3      | Gained mutation: You are resistant to electric shocks.
                  | (rElec) [potion of mutation]
  2574 | D:3      | Gained mutation: Your mind is acute. (Int +2) [potion of
                  | mutation]
  2629 | D:4      | Identified the +1 scale mail of the Ageless Teeth {Harm}
  2642 | D:4      | Reached skill level 5 in Axes
  2729 | D:4      | Identified the +4 mace "Imp's Funeral" {vorpal, rF+}
  2827 | D:4      | Reached XP level 5. HP: 42/46 MP: 5/5
  2906 | D:4      | HP: 1/46 [iguana (10)]
  2909 | D:4      | Reached skill level 6 in Axes
  2909 | D:4      | Reached skill level 1 in Dodging
  3210 | D:4      | Noticed a black bear
  3238 | D:4      | Slain by a black bear

Illustrated notes

Levels and vault maps discovered:
D:1:      wander_arrival_estate, layout_basic, ebering_ecumenical_altar_hall,
          st_stairs_7
D:2:      layout_loops_ring
D:3:      layout_basic, mainiacjoe_overflow_boulevard,
          nicolae_gozag_zags_fifth_avenue, minmay_misc_feat_columns,
          minmay_fractal_squares_diagonal_5
D:4:      layout_gridville, kb_xom_exploding_sheep, minmay_cupped

Skill      XL: |  1  2  3  4  5 |
---------------+----------------+-----
Axes           | 3 4 5 6 |  6.1
Fighting       | 4 |  4.1
Shields        | 4 |  4.0
Dodging        | 1 |  1.0
Armour         | |  3.9

Action                   |  1- 3 |  4- 6 || total
-------------------------+-------+-------++-------
Melee: War axe           |    90 |   114 ||   204
  Use: Scroll            |     1 |     2 ||     3
       Potion            |       |     4 ||     4
Armor: Scale mail        |    52 |    57 ||   109
       Skin              |       |     1 ||     1
Dodge: Dodged            |    37 |    42 ||    79
Block: Kite shield       |    71 |    80 ||   151
